AoeStats
← ngocpq

Lombardia

507899613Analyzed
2v2 RM · 13d ago on Sep 20, 2026· 79m 38s· 4 players
Game mode
Random Map
Map size
Medium (4 player)
Population
200
Speed
Normal
Resources
Standard
Victory
Conquest
Starting age
Dark Age
Ending age
Imperial Age
RankedLock teamsTeams togetherTeam positionsShared explorationLock speedFull tech treeHidden civsTurbo modeCheats
Victory
Defeat
🇰🇷 Magyars · South Korea
1098
+13
🇰🇷 Franks · South Korea
986
+19
🇵🇾 Mongols · Paraguay
1057
-17
🇦🇺 Bohemians · Australia
1014
-15
Penguins1891
9:13 Loom
10:59 Feudal Age
12:54 Double-Bit Axe
15:21 Wheelbarrow
15:08 Horse Collar
20:30 Castle Age
19:33 Scale Mail Armor
22:49 Chemistry
22:32 Forging
26:43 Pikeman
34:14 Forging
34:20 Chain Mail Armor
37:40 Padded Archer Armor
38:16 Iron Casting
41:06 Imperial Age
39:24 Leather Archer Armor
38:53 Treadmill Crane
39:31 Squires
40:32 Wagenburg Tactics
43:05 Plate Mail Armor
43:36 Blast Furnace
43:03 Bow Saw
47:01 Light Cavalry
47:41 Husbandry
47:29 Halberdier
48:34 Fletching
48:50 Scale Barding Armor
48:13 Elite Skirmisher
49:59 Bodkin Arrow
50:35 Ring Archer Armor
53:33 Bracer
62:40 Hand Cart
MatCool
5:21 Loom
9:04 Feudal Age
9:36 Double-Bit Axe
9:33 Horse Collar
11:08 Wheelbarrow
22:29 Castle Age
21:32 Stone Mining
22:04 Gold Mining
22:35 Forging
23:26 Bow Saw
23:19 Heavy Plow
23:32 Scale Barding Armor
23:33 Husbandry
24:45 Gold Shaft Mining
27:10 Stone Shaft Mining
27:08 Bloodlines
31:11 Iron Casting
32:07 Town Watch
33:01 Chain Barding Armor
35:04 Hand Cart
38:32 Town Patrol
41:10 Ballistics
44:59 Imperial Age
44:35 Fletching
44:46 Padded Archer Armor
46:02 Nomads
46:12 Bodkin Arrow
46:34 Leather Archer Armor
47:23 Chemistry
46:05 Onager
46:15 Elite Mangudai
48:03 Bracer
48:04 Siege Onager
54:50 Elite Skirmisher
55:36 Thumb Ring
72:47 Light Cavalry
74:31 Blast Furnace
74:09 Hussar
ngocpq
7:51 Loom
10:50 Feudal Age
11:22 Double-Bit Axe
18:33 Castle Age
17:12 Stone Mining
25:17 Scale Barding Armor
25:29 Husbandry
27:39 Bow Saw
27:21 Gold Mining
29:22 Chain Barding Armor
30:17 Fletching
35:32 Forging
41:11 Imperial Age
39:19 Wheelbarrow
39:25 Gold Shaft Mining
38:50 Bodkin Arrow
41:25 Cavalier
43:09 Plate Barding Armor
43:38 Chemistry
44:14 Paladin
45:05 Scale Mail Armor
47:54 Iron Casting
47:29 Siphons
47:22 Murder Holes
47:52 Hand Cart
50:00 Blast Furnace
49:20 Chain Mail Armor
49:07 Padded Archer Armor
59:55 Plate Mail Armor
64:47 Leather Archer Armor
68:56 Light Cavalry
69:47 Elite Skirmisher
ValakOO
6:22 Loom
9:02 Feudal Age
9:40 Double-Bit Axe
13:49 Horse Collar
20:45 Castle Age
19:12 Scale Barding Armor
21:38 Bloodlines
21:28 Husbandry
20:55 Light Cavalry
31:16 Gold Mining
32:03 Fletching
32:14 Padded Archer Armor
35:26 Leather Archer Armor
35:07 Bodkin Arrow
35:57 Ballistics
37:02 Thumb Ring
38:36 Wheelbarrow
42:38 Imperial Age
44:05 Parthian Tactics
44:20 Bracer
44:51 Ring Archer Armor
44:34 Heavy Cavalry Archer
44:58 Heavy Cavalry Archer
46:04 Parthian Tactics
47:16 Chemistry
47:55 Hand Cart
47:51 Bow Saw
47:42 Heavy Plow
48:57 Recurve Bow
60:38 Crop Rotation
61:10 Two-Man Saw
64:42 Corvinian Army
64:59 Elite Magyar Huszar
78:18 Chain Barding Armor
Connection lost

Rejoining the realm…

Still unreachable

The connection could not be restored.

Session expired

The server has moved on; the page needs a fresh start.